 Seeded DCSS version 0.29.1-13-g9f3cf754e1 (webtiles) character file.

Game seed: 18334199546629406935 (custom seed)

62418 mathmaestro the Lord of Darkness (level 14, -4/120 HPs)
             Began as a Demonspawn Necromancer on Jan 8, 2023.
             Was the Champion of Kikubaaqudgha.
             Shot with a bolt by an orc warlord (29 damage)
             ... on level 2 of the Orcish Mines on Jan 19, 2023.
             The game lasted 01:28:28 (22342 turns).

mathmaestro the Lord of Darkness (DsNe)            Turns: 22342, Time: 01:28:29

Health: -4/120     AC: 12    Str: 14    XL:     14   Next: 64%
Magic:  0/29       EV: 13    Int: 22    God:    Kikubaaqudgha [******]
Gold:   1805       SH:  4    Dex: 14    Spells: 4/35 levels left

rFire   + + .      SeeInvis .   O - +9 lance "Wyrmbane" {slay drac, rPois rF+ rC+ AC+3}
rCold   + + .      Faith    .   A - +0 buckler
rNeg    + . .      Spirit   +   G - +2 robe {Archmagi}
rPois   +          Reflect  .   (helmet restricted)
rElec   .          Harm     .   B - +0 cloak
rCorr   .          Rampage  .   l - +0 pair of gloves
Will    +....      Archmagi +   a - +0 pair of boots
Stlth   +++.......              R - amulet of regeneration
HPRegen 5.10/turn               I - ring "Eperirach" {rF+ rC+ rN+ Slay+2}
MPRegen 0.42/turn               g - +6 ring of strength

@: very slightly contaminated
A: antennae 2, rugged brown scales 2, powered by death 3, magic shield, magic
regeneration
a: Renounce Religion, Unearth Wretches, Torment, Brand Weapon With Pain, Receive
Forbidden Knowledge


You were on level 2 of the Orcish Mines.
You worshipped Kikubaaqudgha.
Kikubaaqudgha was exalted by your worship.
You visited 4 branches of the dungeon, and saw 19 of its levels.
You also visited: Sewer and Bailey.

You collected 1805 gold pieces.

Inventory:

Hand Weapons
 O - the +9 lance "Wyrmbane" (weapon) {slay drac, rPois rF+ rC+ AC+3}
   (You took it off Maggie on level 10 of the Dungeon)

   It inflicts extra damage against dragons and draconians.
   AC:        It affects your AC (+3).
   rF:        It protects you from fire.
   rC:        It protects you from cold.
   rPois:     It protects you from poison.
Missiles
 C - 9 javelins
 F - 21 boomerangs (quivered)
 S - a throwing net
Armour
 a - a +0 pair of boots (worn)
 l - a +0 pair of gloves (worn)
 A - a +0 buckler (worn)
 B - a +0 cloak (worn)
 G - a +2 robe of the Archmagi (worn)
Jewellery
 g - a +6 ring of strength (right hand)
 m - a ring of flight
 t - a ring of see invisible
 I - the ring "Eperirach" (left hand) {rF+ rC+ rN+ Slay+2}
   (You acquired it on level 10 of the Dungeon)

   [ring of protection from fire]

   Slay:      It affects your accuracy & damage with ranged weapons and melee
   (+2).
   rF:        It protects you from fire.
   rC:        It protects you from cold.
   rN:        It protects you from negative energy.
 R - an amulet of regeneration (around neck)
Wands
 d - a wand of roots (8)
 f - a wand of mindburst (6)
 r - a wand of light (8)
 x - a wand of digging (6)
 N - a wand of charming (10)
 Q - a wand of flame (17)
 U - a wand of polymorph (9)
Scrolls
 j - 7 scrolls of fog
 k - 6 scrolls of teleportation
 n - 4 scrolls of magic mapping
 o - 4 scrolls of poison
 q - 2 scrolls of enchant weapon
 y - 3 scrolls of fear
 H - 4 scrolls of enchant armour
 J - a scroll of silence
 M - a scroll of summoning
 V - a scroll of blinking
Potions
 b - 3 potions of magic
 c - 7 potions of curing
 e - 3 potions of lignification {unknown}
 h - 6 potions of haste {unknown}
 i - 6 potions of might
 p - 3 potions of flight {unknown}
 s - a potion of resistance
 u - 4 potions of heal wounds
 v - 5 potions of cancellation {unknown}
 w - 5 potions of mutation {unknown}
 z - 5 potions of invisibility {unknown}
 E - a potion of berserk rage {unknown}
 K - a potion of ambrosia {unknown}
Miscellaneous
 L - a piece from Xom's chessboard (15/15)
 T - a box of beasts (inert)


   Skills:
 + Level 12.0 Fighting
 + Level 6.7(6.9) Polearms
 - Level 2.0(4.7) Staves
 + Level 4.0 Throwing
 - Level 5.0 Dodging
 - Level 5.0 Stealth
 + Level 2.1 Shields
 + Level 11.2 Spellcasting
 - Level 5.0 Hexes
 + Level 13.8 Necromancy
 - Level 3.0 Translocations
 + Level 4.5 Ice Magic
 - Level 6.0 Earth Magic
 - Level 5.0 Evocations


You had 4 spell levels left.
You knew the following spells:

 Your Spells              Type           Power      Damage    Failure   Level
a - Necrotise             Necr           100%       1d9       1%          1
b - Vampiric Draining     Necr           83%        2d11      1%          3
c - Animate Dead          Necr           83%        N/A       1%          4
d - Sublimation of Blood  Necr           83%        N/A       1%          2
e - Anguish               Hex/Necr       34%        N/A       1%          4
f - Blink                 Tloc           76%        N/A       3%          2
g - Dispel Undead         Necr           83%        3d27      1%          4
h - Borgnjor's Vile Clut  Necr/Erth      35%        N/A       3%          5
i - Simulacrum            Ice/Necr       34%        N/A       26%         6

Your spell library contained the following spells:

 Spells                   Type           Power      Damage    Failure   Level
 Slow                     Hex            100%       N/A       1%          1
 Confusing Touch          Hex            51%        N/A       2%          3
 Passwall                 Tmut/Erth      31%        N/A       3%          2
 Lesser Beckoning         Tloc           38%        N/A       6%          3
 Dazzling Flash           Conj/Hex       70%        N/A       8%          3
 Poisonous Vapours        Pois/Air       36%        N/A       11%         2
 Static Discharge         Conj/Air       18%        3-6/arc   11%         2
 Corpse Rot               Necr/Pois/Air  48%        N/A       11%         4
 Petrify                  Tmut/Erth      38%        N/A       21%         4
 Conjure Flame            Conj/Fire      18%        6-21      22%         3
 Ignite Poison            Fire/Tmut/Pois 18%        N/A       22%         3
 Mephitic Cloud           Conj/Pois/Air  18%        N/A       22%         3
 Iskenderun's Mystic Bla  Conj/Tloc      28%        2d7       36%         4
 Sticky Flame             Conj/Fire      18%        2d4       56%         4
 Agony                    Necr           83%        N/A       1%          5
 Metabolic Englaciation   Hex/Ice        25%        N/A       26%         5
 Manifold Assault         Tloc           38%        N/A       50%         5
 Summon Mana Viper        Hex/Summ       35%        N/A       56%         5
 Freezing Cloud           Conj/Ice/Air   14%        6-21      71%         5
 Summon Forest            Summ/Tloc      14%        N/A       71%         5
 Iron Shot                Conj/Erth      19%        9d4       97%         6
 Statue Form              Tmut/Erth      25%        N/A       97%         6
 Starburst                Conj/Fire      9%         6d5       100%        6
 Summon Cactus Giant      Summ           9%         N/A       100%        6


Dungeon Overview and Level Annotations

Branches:
Dungeon (11/15)            Temple (1/1) D:7            Lair (5/5) D:11
 Shoals (0/4) Lair:3        Snake (0/4) Lair:2        Slime (0/5) Lair:5
    Orc (2/2) D:9             Elf (0/3) Orc:2         Sewer (visited)
 Bailey (visited)

Altars:
Ashenzari
Cheibriados
Dithmenos
Fedhas
Gozag
Hepliaklqana
Kikubaaqudgha
Makhleb
Nemelex Xobeh
Okawaru
Qazlal
Ru
Sif Muna
Trog
Uskayaw
Vehumet
Wu Jian
Xom
Yredelemnul
Jiyva

Shops:
Orc:2 ([

Annotations:
D:4 1 runed translucent door, FakeRyeBread's ghost, amateur GrFi
D:9 exclusion: orange crystal statue


Innate Abilities, Weirdness & Mutations

You have a pair of antennae on your head.
You are mostly covered in rugged brown scales. (AC +2, +5% HP)
You regenerate a lot of health from kills.
When hurt, damage is shared between your health and your magic reserves.
You regenerate magic rapidly.


Message History

You puncture the ogre!
You kill the ogre!
Kikubaaqudgha accepts your kill.
The orc warlord shoots a bolt.
The bolt misses you.
Unknown command.
You closely miss the orc. The orc hits you with a +0 hand axe!
The orc wizard mumbles some strange words.
The orc wizard flickers and vanishes!
Deactivating autopickup; reactivate with Ctrl-A.
The orc warlord shoots a bolt.
The bolt hits you.
Unknown command.
You closely miss the orc. The orc hits you with a +0 hand axe!
Unknown command.
You closely miss the orc. The orc hits you with a +0 hand axe.
Something hits you.
The orc warlord shoots a bolt.
The bolt hits you!!
Unknown command.
You puncture the orc!
You kill the orc!
Kikubaaqudgha accepts your kill. Something hits you but does no damage.
The orc warlord shoots a bolt.
The bolt hits you!!
You hear some strange, mumbled words.
A puff of flame appears from out of thin air!
The puff of flame hits you but does no damage.
You resist.
The orc warlord shoots a bolt.
The bolt hits you!!!
* * * LOW HITPOINT WARNING * * *
Things that are here:
a +0 hand axe; a +0 leather armour
Casting: Simulacrum (dangerous; 26% risk of failure)
Confirm with . or Enter, or press ? or * to list all spells.
Aiming: Vampiric Draining (safe; 1% risk of failure)
Press: ? - help, Shift-Dir - straight line, f - orc
Aim: an orc, wielding a +0 flail and wearing a +3 leather armour (strong)
You feel a surge of power!
You draw life force from the orc!
You kill the orc!
Kikubaaqudgha accepts your kill.
You feel life coursing into your body. Something hits you but does no damage.
The orc warlord shoots a bolt.
The bolt hits you!!
You die...
Kikubaaqudgha rasps: "You have failed me!
Welcome... death!"

.....######.........#..#.....##
.....Z..##.........#...##...##
#.#...{.{#..........#.####.####
###.#..{#....#.....##.........##
#.......#....#...###...#####...##
.....#...........##..### ###..#
#...........##....#.## ##.#
#.#............)....# 8...8 #..
................@{.#####)..#####.
#.#............#)..# .#.o.#. #.
............o......# 3)..o #.
#..................# #).o# #.
##.................# ##)8)### #.
##................# .#)))#. {#.
#.............)...#


'ooo' #. ##...........<)...# #o..# #. #...........[.)...# ##{{.## #. You could
see an orc warlord.

Vanquished Creatures
  Josephine (Lair:5)
  Erolcha (D:10)
  5 hydras
  A catoblepas (Lair:1)
  A two-headed ogre (D:9)
  Erica (Lair:1)
  An orc high priest (Orc:2)
  Nergalle (Lair:2)
  Amaemon (Lair:1)
  2 orc knights
  An orc sorcerer (Orc:2)
  2 cyclopes (D:11)
  2 manticores
  2 oklob plants
  9 elephants
  An orange demon (Lair:1)
  7 cane toads
  A gargoyle (D:11)
  5 black mambas
  Maggie (D:10)
  6 rime drakes
  4 komodo dragons
  5 trolls
  A meliai (shapeshifter) (D:10)
  4 hornets
  6 polar bears
  7 dream sheep (Lair:5)
  A blink frog (Lair:5)
  A shadow (D:10)
  6 spriggans (Lair:5)
  Sigmund (D:6)
  37 yaks
  3 wyverns
  2 basilisks (D:11)
  2 vampire mosquitoes (D:11)
  4 wraiths (Lair:5)
  3 steam dragons
  2 wargs (Orc:2)
  2 nagas (Lair:2)
  18 water moccasins
  32 orc warriors
  A swamp drake (D:11)
  An ice beast (D:5)
  A sky beast (D:7)
  21 wolves
  3 boggarts (Lair:5)
  8 ogres
  2 black bears
  7 centaurs
  3 phantoms
  3 kobold brigands
  11 bullfrogs
  A necrophage (D:8)
  2 gnoll sergeants
  3 scorpions
  4 wights (D:8)
  2 troll zombies (D:9)
  9 killer bees (D:8)
  3 electric eels (D:10)
  A jelly (D:4)
  5 hounds
  17 orc priests
  2 iguanas
  26 orc wizards
  An ogre zombie (D:9)
  A river rat (Sewer)
  7 adders
  17 gnolls
  A shadow imp (D:6)
  2 white imps (D:6)
  4 ufetubi
  2 worms
  2 dart slugs
  74 orcs
  9 endoplasms
  2 giant cockroaches
  7 goblins
  5 hobgoblins
  3 quokkas
  16 ball pythons
  4 bats
  A goblin skeleton (D:9)
  3 goblin zombies (D:9)
  A hobgoblin skeleton (D:9)
  22 kobolds
  2 orc skeletons (D:9)
  4 orc zombies (D:9)
  23 rats
  A bush (Lair:2)
543 creatures vanquished.

Vanquished Creatures (collateral kills)
  2 hydras (Lair:5)
  A boulder beetle (Lair:2)
  A spriggan rider (Lair:5)
  An ugly thing (D:9)
  A black mamba (Lair:5)
  2 cane toads
  4 elephants
  A komodo dragon (Lair:5)
  A troll (D:9)
  A polar bear (Lair:3)
  4 blink frogs (Lair:5)
  7 spriggans (Lair:5)
  7 yaks
  A basilisk (Lair:1)
  3 wyverns
  A vampire mosquito (D:11)
  2 water moccasins
  2 black bears (Lair:5)
  An orc warrior (Orc:2)
  2 ogres
  12 wolves
  A boggart (Lair:5)
  2 centaurs
  A phantom (D:9)
  A bullfrog (Lair:1)
  A kobold brigand (D:11)
  An electric eel (D:10)
  An orc priest (D:9)
  3 orc wizards
  3 ogre zombies (D:9)
  2 adders (Sewer)
  A gnoll (Bailey)
  A shadow imp (D:6)
  8 orcs
  7 kobolds
  4 ball pythons
  2 frilled lizards (Sewer)
  A goblin zombie (D:9)
  A hobgoblin skeleton (D:9)
  A hobgoblin zombie (D:9)
  5 orc zombies (D:9)
  5 rats
109 creatures vanquished.

Vanquished Creatures (others)
  An orc warlord (Bailey)
  A boulder beetle (D:9)
  3 hydras (D:9)
  3 hydra zombies (Lair:5)
  A hornet (D:9)
  2 black mamba zombies (Lair:5)
  2 yaks (D:9)
  2 cane toad zombies
  A hornet zombie (D:9)
  3 water moccasin zombies
  7 yak zombies
  2 centaur zombies (Lair:3)
  4 killer bee zombies (D:8)
  A gnoll (D:9)
  An adder zombie (Sewer)
  4 gnoll zombies (D:9)
  A ball python zombie (Sewer)
  4 goblin zombies (Bailey)
  A hobgoblin zombie (Bailey)
  A kobold (D:9)
  11 kobold zombies
  24 orc zombies
  A rat zombie (Sewer)
  37 fungi
  54 plants
  2 withered plants (D:4)
174 creatures vanquished.

Grand Total: 826 creatures vanquished

Notes
Turn   | Place    | Note
-------+----------+-------------------------------------------
     0 | D:1      | mathmaestro the Demonspawn Necromancer began the quest for
                  | the Orb.
     0 | D:1      | Reached XP level 1. HP: 13/13 MP: 3/3
   366 | D:1      | Gained mutation: You are partially covered in rugged brown
                  | scales. (AC +1, +3% HP) [demonic ancestry]
   366 | D:1      | Reached XP level 2. HP: 14/20 MP: 1/5
  1327 | D:1      | Reached skill level 1 in Fighting
  1578 | D:2      | Reached XP level 3. HP: 26/26 MP: 3/6
  1650 | D:1      | Learned a level 3 spell: Vampiric Draining
  1986 | D:2      | Gained mutation: You have a pair of small antennae on your
                  | head. [demonic ancestry]
  1986 | D:2      | Reached XP level 4. HP: 32/32 MP: 4/7
  2186 | D:2      | Learned a level 4 spell: Animate Dead
  2223 | D:3      | Found a glowing drain.
  2267 | Sewer    | Entered a sewer
  2541 | Sewer    | Reached skill level 5 in Necromancy
  2557 | Sewer    | Reached XP level 5. HP: 32/39 MP: 4/9
  2637 | Sewer    | Gained mutation: You regenerate magic rapidly. [demonic
                  | ancestry]
  2637 | Sewer    | Reached XP level 6. HP: 39/45 MP: 4/10
  2711 | D:3      | Found a faded altar of an unknown god.
  3597 | D:4      | Found an ancient bone altar of Kikubaaqudgha.
  3610 | D:4      | Became a worshipper of Kikubaaqudgha
  3958 | D:4      | Found a runed translucent door.
  4191 | D:4      | Noticed FakeRyeBread's ghost (amateur GrFi)
  4460 | D:5      | Entered Level 5 of the Dungeon
  4600 | D:5      | Gained mutation: You regenerate a little health from kills.
                  | [demonic ancestry]
  4600 | D:5      | Reached XP level 7. HP: 42/52 MP: 8/12
  4863 | D:5      | Noticed a troll
  5027 | D:4      | Killed a troll
  5028 | D:4      | Reached skill level 6 in Necromancy
  5760 | D:5      | Reached * piety under Kikubaaqudgha
  5760 | D:5      | Received a gift from Kikubaaqudgha
  5809 | D:5      | Learned a level 2 spell: Sublimation of Blood
  5814 | D:5      | Learned a level 4 spell: Anguish
  6148 | D:6      | Noticed a wyvern
  6155 | D:6      | Killed a wyvern
  6156 | D:6      | Reached XP level 8. HP: 61/61 MP: 11/14
  6257 | D:6      | Reached skill level 1 in Hexes
  6616 | D:6      | Noticed Sigmund
  6621 | D:6      | Killed Sigmund
  6632 | D:6      | Reached skill level 5 in Stealth
  6632 | D:6      | Reached skill level 7 in Necromancy
  6936 | D:6      | Learned a level 2 spell: Blink
  7010 | D:7      | Reached skill level 5 in Spellcasting
  7015 | D:7      | Found a flagged portal.
  7025 | D:7      | Reached skill level 5 in Dodging
  7037 | Bailey   | Entered a bailey
  7105 | Bailey   | Gained mutation: You regenerate health from kills. [demonic
                  | ancestry]
  7105 | Bailey   | Reached XP level 9. HP: 67/67 MP: 14/16
  7106 | Bailey   | Noticed an orc warlord
  7131 | Bailey   | Reached ** piety under Kikubaaqudgha
  7151 | Bailey   | Reached skill level 1 in Translocations
  7220 | Bailey   | Found a runed translucent gate.
  7227 | Bailey   | Found a runed translucent gate.
  7228 | Bailey   | Found a runed translucent gate.
  7249 | Bailey   | Reached skill level 5 in Fighting
  7349 | Bailey   | Killed an orc warlord
  7774 | Bailey   | Acquired a book of Touch
  7843 | D:7      | Reached skill level 8 in Necromancy
  7923 | D:7      | Found a staircase to the Ecumenical Temple.
  7943 | Temple   | Entered the Ecumenical Temple
  8270 | D:7      | Found a stormy altar of Qazlal.
  8943 | D:8      | Gained mutation: You have a pair of antennae on your head.
                  | [demonic ancestry]
  8943 | D:8      | Reached XP level 10. HP: 74/78 MP: 7/19
  9245 | D:8      | Learned a level 4 spell: Dispel Undead
  9249 | D:8      | Reached *** piety under Kikubaaqudgha
  9249 | D:8      | Received a gift from Kikubaaqudgha
  9354 | D:8      | Reached skill level 5 in Hexes
  9841 | D:8      | Upgraded the game from 0.29.1-12-g30fa7ad0bf to
                  | 0.29.1-13-g9f3cf754e1
 10009 | D:9      | Reached skill level 9 in Necromancy
 10018 | D:9      | Found a staircase to the Orcish Mines.
 10042 | D:9      | Reached **** piety under Kikubaaqudgha
 10120 | D:9      | Noticed a five-headed hydra
 10126 | D:9      | Killed a five-headed hydra
 10150 | D:9      | Noticed a five-headed hydra
 10155 | D:9      | Killed a five-headed hydra
 10441 | D:9      | Reached skill level 10 in Necromancy
 10562 | D:9      | Noticed a manticore
 10563 | D:9      | Identified the +7 shortbow "Naitilog" {freeze, rPois Str+2
                  | Stlth-}
 10563 | D:9      | Identified the ring "Emomn" {rPois rF+ Str-2 Dex+3}
 10564 | D:9      | Noticed a white ugly thing
 10566 | D:9      | Noticed an eight-headed hydra
 10567 | D:9      | Killed a manticore
 10567 | D:9      | Noticed a two-headed ogre
 10568 | D:9      | Gained mutation: When hurt, damage is shared between your
                  | health and your magic reserves. [demonic ancestry]
 10568 | D:9      | Reached XP level 11. HP: 53/88 MP: 15/22
 10574 | D:9      | Killed a white ugly thing
 10574 | D:9      | Killed an eight-headed hydra
 10579 | D:9      | Killed a two-headed ogre
 10583 | D:9      | Noticed a boulder beetle
 10604 | D:9      | Killed a boulder beetle
 10865 | D:9      | Learned a level 5 spell: Borgnjor's Vile Clutch
 11069 | D:9      | Noticed an orange crystal statue
 11108 | D:9      | Got Doxann's Folio of Earth and the Snake
 11159 | D:9      | Reached skill level 1 in Earth Magic
 11448 | D:10     | Entered Level 10 of the Dungeon
 11505 | D:10     | Reached skill level 1 in Staves
 11505 | D:10     | Reached skill level 11 in Necromancy
 11505 | D:10     | Reached skill level 1 in Evocations
 11954 | D:10     | Noticed Erolcha
 12101 | D:10     | Killed Erolcha
 12367 | D:10     | Noticed Maggie
 12377 | D:10     | Killed Maggie
 12726 | D:10     | Acquired the ring "Eperirach" {rF+ rC+ rN+ Slay+2}
 13094 | D:11     | Noticed a six-headed hydra
 13100 | D:11     | Killed a six-headed hydra
 13101 | D:11     | Reached skill level 1 in Polearms
 13101 | D:11     | Reached XP level 12. HP: 69/98 MP: 4/25
 14054 | D:11     | Found a staircase to the Lair.
 14362 | Lair:1   | Entered Level 1 of the Lair of Beasts
 14373 | Lair:1   | Noticed a catoblepas
 14389 | Lair:1   | Killed a catoblepas
 14720 | Lair:1   | Noticed Erica
 14732 | Lair:1   | Killed Erica
 14737 | Lair:1   | Reached skill level 10 in Fighting
 14765 | Lair:1   | Noticed Amaemon
 14771 | Lair:1   | Killed Amaemon
 14778 | Lair:1   | Reached ***** piety under Kikubaaqudgha
 14784 | Lair:1   | Reached skill level 12 in Necromancy
 14992 | Lair:1   | Found the +3 greatsling "Punk" {acid, rCorr}
 15669 | Lair:2   | Reached skill level 5 in Evocations
 15711 | Lair:2   | Noticed Nergalle
 15721 | Lair:2   | Killed Nergalle
 15860 | Lair:2   | Found a staircase to the Snake Pit.
 15862 | Lair:2   | Noticed a boulder beetle
 15876 | Lair:2   | Gained mutation: You are mostly covered in rugged brown
                  | scales. (AC +2, +5% HP) [demonic ancestry]
 15876 | Lair:2   | Reached XP level 13. HP: 84/109 MP: 17/26
 16077 | Lair:2   | Reached skill level 5 in Earth Magic
 16163 | Lair:2   | Reached skill level 10 in Spellcasting
 16877 | Lair:3   | Found a staircase to the Shoals.
 17524 | Lair:3   | Learned a level 6 spell: Simulacrum
 17878 | Lair:4   | Reached skill level 5 in Polearms
 17884 | Lair:4   | Reached skill level 1 in Ice Magic
 18655 | Lair:4   | Reached skill level 1 in Throwing
 18655 | Lair:4   | Reached skill level 13 in Necromancy
 18850 | Lair:5   | Entered Level 5 of the Lair of Beasts
 18989 | Lair:5   | Found a viscous altar of Jiyva.
 18989 | Lair:5   | Found a staircase to the Slime Pits.
 19038 | Lair:5   | Noticed Josephine
 19042 | Lair:5   | Reached ****** piety under Kikubaaqudgha
 19048 | Lair:5   | Killed Josephine
 19263 | Lair:5   | Gained mutation: You regenerate a lot of health from kills.
                  | [demonic ancestry]
 19263 | Lair:5   | Reached XP level 14. HP: 49/118 MP: 4/28
 20437 | Lair:5   | Reached skill level 1 in Shields
 20741 | Orc:1    | Entered Level 1 of the Orcish Mines
 20812 | Orc:1    | Found a bloodstained altar of Trog.
 21082 | Orc:2    | Entered Level 2 of the Orcish Mines
 21691 | Orc:2    | Found a staircase to the Elven Halls.
 21872 | Orc:2    | Found Codghiet's Antique Armour Shop.
 21982 | Orc:2    | Found Neseana's Weapon Shoppe.
 22175 | Orc:2    | Noticed an orc warlord
 22342 | Orc:2    | Shot with a bolt by an orc warlord

Illustrated notes

Levels and vault maps discovered:
D:1:      shiori_shiawase, layout_loops_ring, st_stairs_7
D:2:      layout_basic, minmay_large_rounded_square
D:3:      layout_basic, portal_sewer_entry_a, hellmonk_ecumenical_altar_blasted
D:4:      layout_loops_corners, kiku_gazebo_garden_becter, ebering_ghost_sewer_d
D:5:      layout_basic
D:6:      layout_cave_pools, serial_demonic, serial_demonic_b, serial_demonic_c,
          serial_demonic_d, serial_demonic_g, uniq_sigmund
D:7:      layout_basic, lemuel_coloured_pillars_altar,
          minmay_temple_entry_mini_moons, enter_bailey_2
D:8:      layout_loops_ring
D:9:      minmay_the_grid_triangle_9x9_recursive_2_mashed
          [minmay_the_grid_triangle_9x9_prize_top_heavy,
          minmay_the_grid_triangle_9x9_limited_checkers,
          minmay_the_grid_triangle_9x9_corruption,
          minmay_the_grid_triangle_9x9_dagger], layout_cave_pools,
          zombieorc1_lemuel, minmay_protected_statue
D:10:     kennysheep_steamy, layout_loops_ring, chequers_big_river,
          uniq_erolcha, uniq_maggie
D:11:     layout_basic, erik_lair_dragon, lemuel_nasty_fountain
Temple:   nicolae_temple_slightly_damp_pantheon
Lair:1:   minmay_lair_oklob_chamber, layout_regular_city,
          infiniplex_staircase_pool_2, lemuel_fruit_tree, grunt_megastairs_1,
          uniq_erica, uniq_amaemon
Lair:2:   beast_lair_carwin_large_1, layout_loops_ring,
          minmay_snake_entry_guardpost_small, uniq_nergalle
Lair:3:   layout_chaotic_city, minmay_shoals_entry_centaurs,
          chequers_serial_rivers_large_b, minivault_24,
          nicolae_lair_grove_arrangements, fungi_pond_lemuel
Lair:4:   layout_hall_layers
Lair:5:   minmay_lair_end_enchanted_forest, layout_cave_pods,
          dpeg_slime_entry_enclosed, serial_bayou_pond_d, grunt_megastairs_2,
          serial_bayou_shore_b, serial_bayou_shore_b, uniq_josephine
Orc:1:    layout_caves, trog_butcher_becter
Orc:2:    grunt_orc_community_town_hall, layout_caves,
          grunt_orc_community_big_house_2, grunt_orc_community_big_house_2,
          grunt_orc_community_house_1, grunt_orc_community_house_2,
          grunt_orc_community_house_1, grunt_orc_community_house_2

Skill      XL: |  1  2  3  4  5  6  7  8  9 10 11 12 13 14 |
---------------+-------------------------------------------+-----
Stealth        | 2 3 4 5 |  5.0
Dodging        | 2 3 4 5 |  5.0
Fighting       | 1 2 3 4 6 8 9 10 11 12 | 12.0
Necromancy     | 5 6 7 8 10 11 12 13 | 13.8
Spellcasting   | 3 4 5 6 7 9 10 11 | 11.2
Hexes          | 2 4 5 |  5.0
Translocations | 3 |  3.0
Earth Magic    | 2 4 6 |  6.0
Staves         | 2 |  2.0
Evocations     | 3 5 |  5.0
Polearms       | 1 4 5 6 |  6.7
Ice Magic      | 3 4 |  4.5
Throwing       | 2 4 |  4.0
Shields        | 2 |  2.1

Action                   |  1- 3 |  4- 6 |  7- 9 | 10-12 | 13-15 || total
-------------------------+-------+-------+-------+-------+-------++-------
Melee: Whip              |    14 |       |       |       |       ||    14
       Flail             |     3 |    97 |   214 |   218 |       ||   532
       Punch             |       |     1 |     3 |     9 |     2 ||    15
       Lance             |       |       |       |   187 |   671 ||   858
Throw: Javelin           |       |     1 |       |       |       ||     1
       Boomerang         |       |       |     3 |     8 |     5 ||    16
 Cast: Necrotise         |    44 |    39 |    58 |    29 |     8 ||   178
       Vampiric Draining |     2 |     2 |    32 |    54 |    23 ||   113
       Animate Dead      |       |     1 |     5 |     9 |    10 ||    25
       Anguish           |       |       |     3 |     9 |       ||    12
       Dispel Undead     |       |       |       |    13 |     6 ||    19
       Borgnjor's Vile C |       |       |       |    25 |    58 ||    83
       Sublimation of Bl |       |       |       |     1 |     8 ||     9
       Simulacrum        |       |       |       |       |    12 ||    12
Evoke: Wand              |       |       |       |     1 |     3 ||     4
       Box of beasts     |       |       |       |       |     1 ||     1
  Use: Scroll            |       |     5 |     8 |     7 |     2 ||    22
       Potion            |       |       |       |       |     1 ||     1
 Stab: Sleeping          |       |     4 |     4 |     7 |     8 ||    23
       Distracted        |       |       |       |     7 |     2 ||     9
Armor: Robe              |     8 |    51 |   138 |   275 |   310 ||   782
Dodge: Dodged            |    35 |    97 |   257 |   426 |   521 ||  1336
Block: Buckler           |       |       |       |       |    54 ||    54
